 Dungeon Crawl Stone Soup version 0.29.0-4-gdea44cf6ec (webtiles) character file.

Game seed: 2481462650492221989

12154 qw the Cleaver (level 11, -3/120 HPs)
             Began as an Ogre Enchanter on Sept 4, 2022.
             Was an Elder of Okawaru.
             Slain by a polar bear (12 damage)
             ... on level 1 of the Lair of Beasts.
             The game lasted 00:04:44 (13392 turns).

qw the Cleaver (Ogre Enchanter)                    Turns: 13392, Time: 00:04:44

Health: -3/120     AC: 21    Str: 18    XL:     11   Next: 88%
Magic:  16/16      EV:  9    Int: 16    God:    Okawaru [****..]
Gold:   305        SH:  0    Dex:  9    Spells: 14/14 levels left

rFire   + + +      SeeInvis .   h - +0 hand axe
rCold   . . .      Faith    .   (no shield)
rNeg    . . .      Spirit   .   g - +8 fire dragon scales of Submission {rF++ rC- Will+++}
rPois   +          Reflect  .   (helmet restricted)
rElec   .          Harm     .   p - scarf {rC+ rF+}
rCorr   +          Rampage  .   (gloves unavailable)
Will    ++++.                   (boots unavailable)
Stlth   ++........              (no amulet)
HPRegen 0.30/turn               r - ring of poison resistance
MPRegen 0.15/turn               c - ring of resist corrosion

@: heroic
A: large, unfitting armour, tough skin 1, talons 2, iridescent scales 1,
MP-powered wands
a: Renounce Religion, Heroism, Finesse


You were on level 1 of the Lair of Beasts.
You worshipped Okawaru.
Okawaru was greatly pleased with you.
You visited 3 branches of the dungeon, and saw 11 of its levels.

You collected 670 gold pieces.
You spent 365 gold pieces at shops.


Innate Abilities, Weirdness & Mutations

You are too large for most types of armour.
You have tough skin. (AC +1)
You have razor-sharp toenails.
You are partially covered in iridescent scales. (AC +2)
You expend magic power (3 MP) to strengthen your wands.


   Skills:
 + Level 11.2(16.2) Fighting
 - Level 0.8(5.8) Short Blades
 - Level 13.0(18.0) Axes
 - Level 6.2(11.2) Throwing
 - Level 3.0(8.0) Armour
 - Level 2.0(7.0) Dodging
 - Level 2.1(7.1) Stealth
 - Level 2.4 Spellcasting
 - Level 2.6 Hexes
 + Level 7.3 Invocations


You had 14 spell levels left.
You didn't know any spells.
Your spell library contained the following spells:

 Spells                   Type           Power      Damage    Failure   Level
 Ensorcelled Hibernation  Hex/Ice        12%        N/A       50%         2
 Confusing Touch          Hex            10%        N/A       54%         3
 Dazzling Flash           Conj/Hex       12%        N/A       75%         3
 Tukima's Dance           Hex            Unusable   N/A       N/A         3

Inventory:

Hand Weapons
 h - a +0 hand axe (weapon)
 m - a +0 flail
Missiles
 f - a boomerang
 i - 5 javelins
 j - 2 silver boomerangs
 l - a large rock (quivered)
Armour
 g - the +8 fire dragon scales of Submission (worn) {rF++ rC- Will+++}
   (You acquired it on level 1 of the Dungeon)

   rF:        It greatly protects you from fire.
   rC:        It makes you vulnerable to cold.
   Will:      It greatly increases your willpower.
 p - a scarf of resistance (worn)
Jewellery
 c - a ring of resist corrosion (right hand)
 r - a ring of poison resistance (left hand)
 Y - a ring of positive energy
Scrolls
 d - 5 scrolls of identify
 e - 2 scrolls of enchant armour
Potions
 a - 7 potions of curing
 b - a potion of might
 k - a potion of magic
 o - 3 potions of mutation

Dungeon Overview and Level Annotations

Branches:
Dungeon (9/15)             Temple (1/1) D:4            Lair (1/5) D:9
    Orc: D:9-12

Altars:
Ashenzari
Cheibriados
Dithmenos
Elyvilon
Gozag
Hepliaklqana
Kikubaaqudgha
Makhleb
Nemelex Xobeh
Okawaru
Qazlal
Ru
Sif Muna
Trog
Uskayaw
Vehumet
Wu Jian
Yredelemnul
Zin
The Shining One

Shops:
D:2 *   D:9 =


Message History

You claw the polar bear, but do no damage.
The polar bear is lightly wounded.
You closely miss the polar bear. You claw the polar bear.
The polar bear is lightly wounded.
The polar bear bites you.
The polar bear claws you but does no damage.
The polar bear closely misses you.
You hit the polar bear. Your kick misses the polar bear.
The polar bear is lightly wounded.
You barely miss the polar bear. You claw the polar bear.
The polar bear is moderately wounded.
The polar bear bites you but does no damage.
The polar bear claws you but does no damage. x2
You hit the polar bear. Your kick misses the polar bear.
The polar bear is moderately wounded.
The polar bear barely misses you.
The polar bear claws you but does no damage.
The polar bear closely misses you.
You hit the polar bear. Your kick misses the polar bear.
The polar bear is heavily wounded.
You hit the polar bear but do no damage.
You claw the polar bear!
The polar bear is heavily wounded.
The polar bear barely misses you. x2
The polar bear claws you but does no damage.
You slash the polar bear!
You claw the polar bear, but do no damage.
The polar bear is almost dead.
You barely miss the polar bear.
The polar bear is almost dead.
The polar bear goes berserk!
You hit the polar bear but do no damage.
You claw the polar bear.
The polar bear is almost dead.
The polar bear bites you but does no damage.
The polar bear claws you but does no damage. x2
You slash the polar bear!
The polar bear is almost dead.
The polar bear bites you!
You die...

#..## #. ##..# #.
##.## ###.# #.# #P.##
#....## #.# ##...#
##.....### ..# ....##
#..P.P...### #.#
###.# #...?.P#....##
###.# #.#
#.P#..###.PP.####.#.#
#.# # #h.
#@##.........## #..
#. ##h.......>...#
#.. .h #^.#####.#..##
#.## PP #.## ###..#
#.# .## P..# #..#
...P# #..# ..P..#
#..# .#. ## #..##
#..P#


You could see a polar bear (berserk).

Vanquished Creatures
  Erica (D:8)
  3 two-headed ogres
  3 elephants (Lair:1)
  A black mamba (Lair:1)
  A cane toad (Lair:1)
  A rime drake (Lair:1)
  A komodo dragon (Lair:1)
  3 polar bears (Lair:1)
  3 blink frogs (Lair:1)
  2 wyverns
  A shadow (D:9)
  17 yaks
  A basilisk (Lair:1)
  Grum (D:8)
  A steam dragon (D:6)
  2 water moccasins
  A black bear (D:6)
  2 orc warriors (D:9)
  2 ice beasts
  3 wolves (D:8)
  3 ogres
  A centaur (D:7)
  4 phantoms
  3 bullfrogs
  A gnoll sergeant (D:7)
  4 scorpions
  3 wights (D:9)
  4 killer bees
  4 hounds
  A gnoll bouda (D:6)
  An orc priest (D:8)
  5 iguanas
  5 orc wizards
  18 gnolls
  6 adders
  An ufetubus (D:6)
  3 dart slugs
  15 orcs
  8 endoplasms
  5 giant cockroaches
  6 goblins
  4 hobgoblins
  3 jackals (D:3)
  8 kobolds
  4 quokkas
  7 ball pythons
  3 bats
  6 frilled lizards
  6 rats
192 creatures vanquished.

Vanquished Creatures (others)
  A human (D:4)
  5 fungi (Lair:1)
  13 plants
19 creatures vanquished.

Grand Total: 211 creatures vanquished

Notes
Turn   | Place    | Note
-------+----------+-------------------------------------------
     0 | D:1      | qw the Ogre Enchanter began the quest for the Orb.
     0 | D:1      | Reached XP level 1. HP: 16/16 MP: 3/3
     0 | D:1      | 0 ||| qw: Version: 0.1-a-103-gd6f5d3a
     0 | D:1      | 0 ||| qw: Game counter: 5447
     0 | D:1      | 0 ||| qw: Always use a shield: true
     0 | D:1      | 0 ||| qw: God list: Okawaru
     0 | D:1      | 0 ||| qw: Allow faded altars: false
     0 | D:1      | 0 ||| qw: Do Orc after D:15 true
     0 | D:1      | 0 ||| qw: Do second Lair branch before Depths: true
     0 | D:1      | 0 ||| qw: Lair rune preference: random
     0 | D:1      | 0 ||| qw: Plans: Normal
     0 | D:1      | 0 ||| PLANNING D:1-11
    10 | D:1      | Found a faded altar of an unknown god.
   142 | D:1      | 142 ||| Stepping ~*~*~tactically~*~*~ (hiding).
   244 | D:1      | 244 ||| Stepping ~*~*~tactically~*~*~ (hiding).
   346 | D:1      | 346 ||| Stepping ~*~*~tactically~*~*~ (hiding).
   358 | D:1      | Reached skill level 1 in Axes
   450 | D:1      | 450 ||| Stepping ~*~*~tactically~*~*~ (outnumbered).
   463 | D:1      | Reached skill level 1 in Fighting
   463 | D:1      | Reached XP level 2. HP: 24/27 MP: 5/5
   498 | D:1      | 498 ||| SWAPPING to +0 club.
   499 | D:1      | 499 ||| DROPPING +1 dagger.
   512 | D:1      | 512 ||| Stepping ~*~*~tactically~*~*~ (stealth).
   516 | D:1      | 516 ||| Stepping ~*~*~tactically~*~*~ (stealth).
   554 | D:1      | HP: 6/27 [quokka (2)]
   816 | D:1      | 816 ||| Stepping ~*~*~tactically~*~*~ (stealth).
  1162 | D:1      | 1162 ||| READING scroll labelled POIDOBLYUR.
  1163 | D:1      | 1163 ||| READING 2 scrolls labelled WEAFRI WYMI.
  1168 | D:1      | 1168 ||| READING scroll labelled LUEWKI GYUL.
  1169 | D:1      | 1169 ||| READING scroll labelled JATSOO VAENIN.
  1170 | D:1      | 1170 ||| DROPPING 2 potions of invisibility.
  1226 | D:2      | HP: 5/27 [quokka (4)]
  1227 | D:2      | 1227 ||| READING scroll of teleportation.
  1228 | D:2      | HP: 1/27 [quokka (3)]
  1258 | D:2      | 1258 ||| FLEEEEING.
  1259 | D:2      | 1259 ||| FLEEEEING.
  1260 | D:2      | 1260 ||| STAIRDANCE
  1532 | D:2      | 1532 ||| STAIRDANCE
  1794 | D:2      | Reached skill level 2 in Axes
  1794 | D:2      | Reached XP level 3. HP: 11/33 MP: 6/6
  2208 | D:2      | 2208 ||| SWAPPING to +0 whip.
  2209 | D:2      | 2209 ||| DROPPING +1 club.
  2226 | D:2      | 2226 ||| Stepping ~*~*~tactically~*~*~ (stealth).
  2320 | D:2      | Found Heizio's General Store.
  2331 | D:2      | 2331 ||| BUYING scroll of identify (26 gold).
  2331 | D:2      | Bought a scroll of identify for 26 gold pieces
  2331 | D:2      | 2331 ||| BUYING scroll of teleportation (39 gold).
  2331 | D:2      | Bought a scroll of teleportation for 39 gold pieces
  2363 | D:2      | 2363 ||| Stepping ~*~*~tactically~*~*~ (outnumbered).
  2434 | D:2      | 2434 ||| FLEEEEING.
  2435 | D:2      | 2435 ||| FLEEEEING.
  2436 | D:2      | 2436 ||| FLEEEEING.
  2437 | D:2      | 2437 ||| FLEEEEING.
  2445 | D:2      | 2445 ||| STAIRDANCE
  2519 | D:1      | 2519 ||| READING scroll labelled MERACER BIKAH.
  2519 | D:1      | Identified a scroll of acquirement
  2519 | D:1      | 2519 ||| ACQUIRING +8 fire dragon scales of Submission
                  | {rF++ rC- Will+++}
  2519 | D:1      | Acquired the +8 fire dragon scales of Submission {rF++ rC-
                  | Will+++}
  2521 | D:1      | 2521 ||| UPGRADING to +8 fire dragon scales of Submission
                  | {rF++ rC- Will+++}.
  2531 | D:1      | 2531 ||| DROPPING +0 robe.
  2532 | D:1      | 2532 ||| READING 2 scrolls of identify.
  2532 | D:1      | 2532 ||| IDENTIFYING bubbling orange potion
  2533 | D:1      | 2533 ||| DROPPING potion of degeneration.
  2648 | D:2      | 2648 ||| Stepping ~*~*~tactically~*~*~ (stealth).
  2649 | D:2      | 2649 ||| Stepping ~*~*~tactically~*~*~ (stealth).
  2706 | D:2      | 2706 ||| Stepping ~*~*~tactically~*~*~ (stealth).
  2707 | D:2      | 2707 ||| Stepping ~*~*~tactically~*~*~ (stealth).
  2807 | D:2      | 2807 ||| DRINKING 2 ruby potions.
  2826 | D:3      | 2826 ||| Stepping ~*~*~tactically~*~*~ (outnumbered).
  2858 | D:3      | 2858 ||| Stepping ~*~*~tactically~*~*~ (outnumbered).
  2859 | D:3      | 2859 ||| Stepping ~*~*~tactically~*~*~ (outnumbered).
  2860 | D:3      | 2860 ||| Stepping ~*~*~tactically~*~*~ (outnumbered).
  2877 | D:3      | 2877 ||| SWAPPING to +0 rapier.
  2878 | D:3      | 2878 ||| DROPPING +0 whip.
  3001 | D:3      | Noticed a phantom
  3009 | D:3      | 3009 ||| Stepping ~*~*~tactically~*~*~ (outnumbered).
  3010 | D:3      | 3010 ||| Stepping ~*~*~tactically~*~*~ (outnumbered).
  3011 | D:3      | 3011 ||| Stepping ~*~*~tactically~*~*~ (outnumbered).
  3012 | D:3      | 3012 ||| Stepping ~*~*~tactically~*~*~ (outnumbered).
  3013 | D:3      | 3013 ||| Stepping ~*~*~tactically~*~*~ (outnumbered).
  3014 | D:3      | 3014 ||| Stepping ~*~*~tactically~*~*~ (outnumbered).
  3016 | D:3      | 3016 ||| Stepping ~*~*~tactically~*~*~ (outnumbered).
  3018 | D:3      | 3018 ||| Stepping ~*~*~tactically~*~*~ (outnumbered).
  3021 | D:3      | Reached skill level 3 in Axes
  3021 | D:3      | Reached XP level 4. HP: 38/42 MP: 7/7
  3026 | D:3      | 3026 ||| Stepping ~*~*~tactically~*~*~ (outnumbered).
  3027 | D:3      | 3027 ||| Stepping ~*~*~tactically~*~*~ (outnumbered).
  3029 | D:3      | 3029 ||| Stepping ~*~*~tactically~*~*~ (outnumbered).
  3030 | D:3      | 3030 ||| Stepping ~*~*~tactically~*~*~ (outnumbered).
  3036 | D:3      | 3036 ||| Stepping ~*~*~tactically~*~*~ (outnumbered).
  3037 | D:3      | 3037 ||| Stepping ~*~*~tactically~*~*~ (outnumbered).
  3039 | D:3      | 3039 ||| Stepping ~*~*~tactically~*~*~ (outnumbered).
  3042 | D:3      | 3042 ||| Stepping ~*~*~tactically~*~*~ (outnumbered).
  3047 | D:3      | 3047 ||| Stepping ~*~*~tactically~*~*~ (outnumbered).
  3047 | D:3      | HP: 8/42 [gnoll/+0 flail (6)]
  3048 | D:3      | 3048 ||| READING 2 scrolls of teleportation.
  3049 | D:3      | 3049 ||| DRINKING potion of heal wounds.
  3059 | D:3      | 3059 ||| Stepping ~*~*~tactically~*~*~ (outnumbered).
  3060 | D:3      | 3060 ||| Stepping ~*~*~tactically~*~*~ (outnumbered).
  3061 | D:3      | 3061 ||| Stepping ~*~*~tactically~*~*~ (outnumbered).
  3064 | D:3      | 3064 ||| Stepping ~*~*~tactically~*~*~ (outnumbered).
  3078 | D:3      | HP: 9/44 [gnoll/+0 flail (5)]
  3079 | D:3      | 3079 ||| READING scroll of teleportation.
  3209 | D:3      | 3209 ||| Stepping ~*~*~tactically~*~*~ (stealth).
  3380 | D:3      | Reached skill level 3 in Fighting
  3476 | D:3      | 3476 ||| SWAPPING to +0 flail.
  3477 | D:3      | 3477 ||| DROPPING +0 rapier.
  3488 | D:3      | 3488 ||| SWAPPING to +2 long sword of draining.
  3543 | D:3      | 3543 ||| Stepping ~*~*~tactically~*~*~ (outnumbered).
  3564 | D:3      | 3564 ||| Stepping ~*~*~tactically~*~*~ (outnumbered).
  3565 | D:3      | Killed a phantom
  3566 | D:3      | Reached XP level 5. HP: 36/53 MP: 8/8
  3861 | D:3      | 3861 ||| READING scroll labelled LUGEAF ACZUMN.
  3862 | D:3      | 3862 ||| READING scroll labelled INWEAH DUOR.
  3863 | D:3      | 3863 ||| READING 2 scrolls labelled GUCHUT REKILAC.
  3864 | D:3      | 3864 ||| DRINKING 2 coppery potions.
  3865 | D:3      | 3865 ||| DROPPING scroll of immolation.
  3908 | D:4      | Found a shadowy altar of Dithmenos.
  4243 | D:4      | 4243 ||| READING scroll of enchant weapon.
  4243 | D:4      | 4243 ||| ENCHANTING +2 long sword of draining.
  4296 | D:4      | Noticed a phantom
  4320 | D:4      | Killed a phantom
  4321 | D:4      | Reached skill level 4 in Axes
  4321 | D:4      | Reached XP level 6. HP: 57/61 MP: 9/9
  4587 | D:4      | Found a staircase to the Ecumenical Temple.
  4588 | D:4      | 4588 ||| PLANNING TEMPLE
  4588 | D:4      | 4588 ||| READING scroll labelled GERRAI GAMPECO.
  4589 | D:4      | 4589 ||| READING 3 scrolls of identify.
  4589 | D:4      | 4589 ||| IDENTIFYING metallic sapphire potion
  4590 | D:4      | 4590 ||| READING 2 scrolls of identify.
  4590 | D:4      | 4590 ||| IDENTIFYING bubbling brown potion
  4591 | D:4      | 4591 ||| DROPPING potion of lignification.
  4600 | Temple   | Entered the Ecumenical Temple
  4659 | Temple   | Became a worshipper of Warmaster Okawaru
  4663 | Temple   | 4663 ||| PLANNING D:1-11
  4900 | D:4      | Found an ancient bone altar of Kikubaaqudgha.
  4905 | D:4      | Noticed a human
  4909 | D:4      | Killed a human
  4994 | D:5      | Entered Level 5 of the Dungeon
  5092 | D:5      | 5092 ||| Stepping ~*~*~tactically~*~*~ (hiding).
  5127 | D:5      | 5127 ||| Stepping ~*~*~tactically~*~*~ (stealth).
  5139 | D:5      | Reached XP level 7. HP: 62/71 MP: 10/10
  5256 | D:5      | 5256 ||| Stepping ~*~*~tactically~*~*~ (stealth).
  5285 | D:5      | 5285 ||| Stepping ~*~*~tactically~*~*~ (hiding).
  5286 | D:5      | 5286 ||| Stepping ~*~*~tactically~*~*~ (hiding).
  5287 | D:5      | 5287 ||| Stepping ~*~*~tactically~*~*~ (stealth).
  5288 | D:5      | 5288 ||| Stepping ~*~*~tactically~*~*~ (hiding).
  5289 | D:5      | 5289 ||| Stepping ~*~*~tactically~*~*~ (stealth).
  5294 | D:5      | 5294 ||| Stepping ~*~*~tactically~*~*~ (outnumbered).
  5298 | D:5      | 5298 ||| Stepping ~*~*~tactically~*~*~ (outnumbered).
  5299 | D:5      | 5299 ||| Stepping ~*~*~tactically~*~*~ (outnumbered).
  5305 | D:5      | Reached skill level 5 in Axes
  5306 | D:5      | HP: 14/71 [gnoll/+0 halberd (8)]
  5307 | D:5      | 5307 ||| READING 2 scrolls of teleportation.
  5646 | D:5      | 5646 ||| Stepping ~*~*~tactically~*~*~ (outnumbered).
  5648 | D:5      | 5648 ||| Stepping ~*~*~tactically~*~*~ (outnumbered).
  5796 | D:5      | Reached skill level 6 in Axes
  5960 | D:5      | 5960 ||| Stepping ~*~*~tactically~*~*~ (stealth).
  6054 | D:5      | Reached XP level 8. HP: 79/80 MP: 11/11
  6106 | D:5      | Reached * piety under Okawaru
  6452 | D:5      | 6452 ||| UPGRADING to ring of positive energy.
  6453 | D:5      | 6453 ||| READING scroll labelled AMPEUSK DUGGO.
  6454 | D:5      | 6454 ||| READING scroll labelled XEFIFE ROPUATH.
  6455 | D:5      | 6455 ||| DRINKING 2 lumpy purple potions.
  6455 | D:5      | Gained mutation: You have sharp toenails. [potion of
                  | mutation]
  6455 | D:5      | Gained mutation: You are partially covered in iridescent
                  | scales. (AC +2) [potion of mutation]
  6455 | D:5      | Gained mutation: You have razor-sharp toenails. [potion of
                  | mutation]
  6455 | D:5      | Gained mutation: You expend magic power (3 MP) to
                  | strengthen your wands. [potion of mutation]
  6456 | D:5      | 6456 ||| READING 2 scrolls of identify.
  6456 | D:5      | 6456 ||| IDENTIFYING smoky red potion
  6457 | D:5      | 6457 ||| DROPPING potion of attraction.
  6458 | D:5      | 6458 ||| READING scroll of teleportation.
  6534 | D:6      | 6534 ||| INVOKING Heroism.
  6544 | D:6      | 6544 ||| INVOKING Heroism.
  6549 | D:6      | Reached skill level 7 in Axes
  6701 | D:6      | 6701 ||| Stepping ~*~*~tactically~*~*~ (stealth).
  6702 | D:6      | 6702 ||| INVOKING Heroism.
  6707 | D:6      | Reached skill level 1 in Invocations
  6723 | D:6      | Reached skill level 6 in Fighting
  6774 | D:6      | 6774 ||| FLEEEEING.
  6775 | D:6      | 6775 ||| FLEEEEING.
  6776 | D:6      | 6776 ||| FLEEEEING.
  6777 | D:6      | 6777 ||| FLEEEEING.
  6782 | D:6      | 6782 ||| FLEEEEING.
  6783 | D:6      | 6783 ||| INVOKING Heroism.
  6791 | D:6      | Reached skill level 3 in Invocations
  6920 | D:6      | Found a sacrificial altar of Ru.
  7028 | D:6      | 7028 ||| INVOKING Heroism.
  7073 | D:6      | 7073 ||| Stepping ~*~*~tactically~*~*~ (stealth).
  7080 | D:6      | 7080 ||| Stepping ~*~*~tactically~*~*~ (stealth).
  7081 | D:6      | 7081 ||| Stepping ~*~*~tactically~*~*~ (hiding).
  7082 | D:6      | 7082 ||| Stepping ~*~*~tactically~*~*~ (hiding).
  7083 | D:6      | 7083 ||| Stepping ~*~*~tactically~*~*~ (hiding).
  7084 | D:6      | 7084 ||| Stepping ~*~*~tactically~*~*~ (hiding).
  7092 | D:6      | Reached skill level 8 in Axes
  7096 | D:6      | 7096 ||| INVOKING Heroism.
  7100 | D:6      | Reached XP level 9. HP: 77/92 MP: 9/12
  7210 | D:6      | 7210 ||| INVOKING Heroism.
  7372 | D:6      | Found an opulent altar of Gozag.
  7585 | D:6      | 7585 ||| DROPPING ring of flight.
  7586 | D:6      | 7586 ||| READING scroll labelled YXOQ ROEDGHANG.
  7587 | D:6      | 7587 ||| READING scroll labelled KADETHR GAECS.
  7588 | D:6      | 7588 ||| DRINKING 3 glowing purple potions.
  7689 | D:6      | 7689 ||| READING 3 scrolls of identify.
  7689 | D:6      | 7689 ||| IDENTIFYING metallic blue potion
  7690 | D:6      | 7690 ||| DROPPING 2 potions of ambrosia.
  7739 | D:7      | 7739 ||| INVOKING Heroism.
  7741 | D:7      | 7741 ||| STAIRDANCE
  7855 | D:7      | 7855 ||| INVOKING Heroism.
  7865 | D:7      | 7865 ||| STAIRDANCE
  7866 | D:6      | HP: 22/93 [poisoned by a killer bee]
  7871 | D:6      | HP: 17/93 [poisoned by a killer bee]
  8182 | D:7      | 8182 ||| INVOKING Heroism.
  8187 | D:7      | 8187 ||| Stepping ~*~*~tactically~*~*~ (outnumbered).
  8188 | D:7      | 8188 ||| Stepping ~*~*~tactically~*~*~ (outnumbered).
  8189 | D:7      | 8189 ||| Stepping ~*~*~tactically~*~*~ (outnumbered).
  8199 | D:7      | 8199 ||| INVOKING Heroism.
  8358 | D:7      | 8358 ||| SWAPPING to +3 trident of protection.
  8359 | D:7      | 8359 ||| DROPPING +0 flail.
  8360 | D:7      | 8360 ||| DROPPING +3 long sword of draining.
  8406 | D:7      | Found a radiant altar of Vehumet.
  8582 | D:7      | Reached skill level 3 in Throwing
  8795 | D:7      | 8795 ||| READING 2 scrolls labelled AGGUR VEDAL.
  8796 | D:7      | 8796 ||| DROPPING scroll of butterflies.
  8838 | D:8      | Reached skill level 9 in Axes
  8975 | D:8      | Noticed Grum
  8975 | D:8      | 8975 ||| INVOKING Heroism.
  8981 | D:8      | 8981 ||| Stepping ~*~*~tactically~*~*~ (outnumbered).
  8997 | D:8      | 8997 ||| INVOKING Heroism.
  9022 | D:8      | Killed Grum
  9208 | D:8      | Noticed Erica
  9209 | D:8      | 9209 ||| INVOKING Heroism.
  9221 | D:8      | HP: 23/96 [something (6)]
  9223 | D:8      | Killed Erica
  9223 | D:8      | Reached ** piety under Okawaru
  9224 | D:8      | Reached skill level 6 in Throwing
  9224 | D:8      | Reached XP level 10. HP: 20/104 MP: 11/13
  9226 | D:8      | HP: 15/104 [poisoned by Erica (bolt of poison)]
  9231 | D:8      | HP: 11/104 [poisoned by Erica (bolt of poison)]
  9580 | D:8      | 9580 ||| SWAPPING to +2 scimitar of flaming.
  9581 | D:8      | 9581 ||| DROPPING +3 trident of protection.
  9602 | D:8      | 9602 ||| INVOKING Heroism.
  9606 | D:8      | 9606 ||| Stepping ~*~*~tactically~*~*~ (outnumbered).
  9607 | D:8      | 9607 ||| Stepping ~*~*~tactically~*~*~ (outnumbered).
  9608 | D:8      | 9608 ||| Stepping ~*~*~tactically~*~*~ (outnumbered).
  9609 | D:8      | 9609 ||| Stepping ~*~*~tactically~*~*~ (outnumbered).
  9613 | D:8      | 9613 ||| Stepping ~*~*~tactically~*~*~ (outnumbered).
  9614 | D:8      | 9614 ||| Stepping ~*~*~tactically~*~*~ (outnumbered).
  9619 | D:8      | 9619 ||| Stepping ~*~*~tactically~*~*~ (outnumbered).
  9620 | D:8      | 9620 ||| Stepping ~*~*~tactically~*~*~ (outnumbered).
  9623 | D:8      | 9623 ||| INVOKING Heroism.
  9635 | D:8      | Reached skill level 10 in Axes
  9649 | D:8      | Reached skill level 9 in Fighting
  9650 | D:8      | 9650 ||| INVOKING Heroism.
  9658 | D:8      | HP: 20/107 [yak (9)]
  9659 | D:8      | 9659 ||| READING scroll of teleportation.
 10109 | D:8      | 10109 ||| INVOKING Heroism.
 10112 | D:8      | 10112 ||| Stepping ~*~*~tactically~*~*~ (outnumbered).
 10114 | D:8      | 10114 ||| Stepping ~*~*~tactically~*~*~ (outnumbered).
 10115 | D:8      | 10115 ||| Stepping ~*~*~tactically~*~*~ (outnumbered).
 10117 | D:8      | 10117 ||| Stepping ~*~*~tactically~*~*~ (outnumbered).
 10118 | D:8      | 10118 ||| Stepping ~*~*~tactically~*~*~ (outnumbered).
 10120 | D:8      | 10120 ||| Stepping ~*~*~tactically~*~*~ (outnumbered).
 10121 | D:8      | 10121 ||| Stepping ~*~*~tactically~*~*~ (outnumbered).
 10122 | D:8      | 10122 ||| Stepping ~*~*~tactically~*~*~ (outnumbered).
 10123 | D:8      | 10123 ||| Stepping ~*~*~tactically~*~*~ (outnumbered).
 10126 | D:8      | 10126 ||| Stepping ~*~*~tactically~*~*~ (outnumbered).
 10129 | D:8      | Reached *** piety under Okawaru
 10138 | D:8      | 10138 ||| INVOKING Heroism.
 10143 | D:8      | Reached skill level 11 in Axes
 10285 | D:8      | 10285 ||| SWAPPING to +0 hand axe.
 10286 | D:8      | 10286 ||| DROPPING +2 scimitar of flaming.
 10311 | D:8      | 10311 ||| Stepping ~*~*~tactically~*~*~ (stealth).
 10313 | D:8      | 10313 ||| INVOKING Heroism.
 10349 | D:8      | 10349 ||| DROPPING +0 whip.
 10395 | D:8      | 10395 ||| INVOKING Heroism.
 10423 | D:8      | Noticed a two-headed ogre
 10424 | D:8      | 10424 ||| INVOKING Heroism.
 10430 | D:8      | Killed a two-headed ogre
 10587 | D:8      | 10587 ||| INVOKING Heroism.
 10812 | D:8      | 10812 ||| READING scroll of acquirement.
 10812 | D:8      | 10812 ||| ACQUIRING scarf of resistance
 10812 | D:8      | Acquired a scarf of resistance
 10814 | D:8      | 10814 ||| UPGRADING to scarf of resistance.
 11000 | D:8      | 11000 ||| UPGRADING to ring of resist corrosion.
 11001 | D:8      | 11001 ||| READING 6 scrolls of identify.
 11001 | D:8      | 11001 ||| IDENTIFYING fizzy coppery potion
 11002 | D:8      | 11002 ||| DROPPING potion of brilliance.
 11044 | D:9      | Noticed a two-headed ogre
 11045 | D:9      | 11045 ||| INVOKING Heroism.
 11047 | D:9      | Killed a two-headed ogre
 11054 | D:9      | 11054 ||| Stepping ~*~*~tactically~*~*~ (stealth).
 11059 | D:9      | 11059 ||| Stepping ~*~*~tactically~*~*~ (stealth).
 11060 | D:9      | 11060 ||| Stepping ~*~*~tactically~*~*~ (stealth).
 11061 | D:9      | 11061 ||| Stepping ~*~*~tactically~*~*~ (stealth).
 11062 | D:9      | 11062 ||| Stepping ~*~*~tactically~*~*~ (stealth).
 11063 | D:9      | 11063 ||| Stepping ~*~*~tactically~*~*~ (stealth).
 11065 | D:9      | 11065 ||| Stepping ~*~*~tactically~*~*~ (stealth).
 11199 | D:9      | Found a broken altar of Ashenzari.
 11251 | D:9      | Reached XP level 11. HP: 119/119 MP: 14/14
 11255 | D:9      | Found a white marble altar of Elyvilon.
 11337 | D:9      | Found Xutret's Jewellery Boutique.
 11343 | D:9      | 11343 ||| SHOPLISTING +4 ring of evasion (540 gold, have
                  | 522).
 11343 | D:9      | 11343 ||| SHOPLISTING +6 ring of strength (540 gold, have
                  | 522).
 11343 | D:9      | 11343 ||| SHOPLISTING ring "Neveg" {Ice Dex+3} (574 gold,
                  | have 522).
 11343 | D:9      | 11343 ||| BUYING ring of poison resistance (300 gold).
 11343 | D:9      | Bought a ring of poison resistance for 300 gold pieces
 11350 | D:9      | 11350 ||| UPGRADING to ring of poison resistance.
 11352 | D:9      | 11352 ||| READING scroll of teleportation.
 11353 | D:9      | 11353 ||| FLEEEEING.
 11354 | D:9      | 11354 ||| FLEEEEING.
 11406 | D:9      | Found a staircase to the Lair.
 11420 | D:9      | Noticed a two-headed ogre
 11421 | D:9      | 11421 ||| INVOKING Heroism.
 11429 | D:9      | Killed a two-headed ogre
 11430 | D:9      | Reached skill level 12 in Axes
 11458 | D:9      | 11458 ||| Stepping randomly (stuck).
 11757 | D:9      | Found a shimmering blue altar of Sif Muna.
 11758 | D:9      | 11758 ||| Stepping ~*~*~tactically~*~*~ (stealth).
 11759 | D:9      | 11759 ||| Stepping ~*~*~tactically~*~*~ (stealth).
 11762 | D:9      | 11762 ||| INVOKING Heroism.
 11887 | D:9      | 11887 ||| PLANNING LAIR
 11916 | Lair:1   | Entered Level 1 of the Lair of Beasts
 11943 | Lair:1   | 11943 ||| INVOKING Heroism.
 11950 | Lair:1   | Reached **** piety under Okawaru
 11964 | Lair:1   | 11964 ||| INVOKING Heroism.
 12125 | Lair:1   | 12125 ||| Stepping ~*~*~tactically~*~*~ (stealth).
 12127 | Lair:1   | 12127 ||| Stepping ~*~*~tactically~*~*~ (stealth).
 12128 | Lair:1   | 12128 ||| Stepping ~*~*~tactically~*~*~ (stealth).
 12129 | Lair:1   | 12129 ||| INVOKING Heroism.
 12133 | Lair:1   | 12133 ||| Stepping ~*~*~tactically~*~*~ (stealth).
 12134 | Lair:1   | 12134 ||| Stepping ~*~*~tactically~*~*~ (stealth).
 12410 | Lair:1   | Received a gift from Okawaru
 12449 | Lair:1   | 12449 ||| INVOKING Heroism.
 12885 | Lair:1   | 12885 ||| INVOKING Heroism.
 12889 | Lair:1   | Reached skill level 6 in Invocations
 12915 | Lair:1   | Reached skill level 13 in Axes
 12930 | Lair:1   | Received a gift from Okawaru
 13088 | Lair:1   | 13088 ||| INVOKING Heroism.
 13246 | Lair:1   | 13246 ||| INVOKING Heroism.
 13247 | Lair:1   | 13247 ||| Stepping ~*~*~tactically~*~*~ (stealth).
 13249 | Lair:1   | 13249 ||| Stepping ~*~*~tactically~*~*~ (stealth).
 13271 | Lair:1   | Reached skill level 3 in Armour
 13281 | Lair:1   | HP: 27/120 [polar bear (10)]
 13337 | Lair:1   | 13337 ||| Stepping ~*~*~tactically~*~*~ (stealth).
 13338 | Lair:1   | 13338 ||| Stepping ~*~*~tactically~*~*~ (stealth).
 13352 | Lair:1   | 13352 ||| Stepping ~*~*~tactically~*~*~ (stealth).
 13356 | Lair:1   | 13356 ||| INVOKING Heroism.
 13358 | Lair:1   | 13358 ||| Stepping ~*~*~tactically~*~*~ (stealth).
 13373 | Lair:1   | HP: 25/120 [polar bear (10)]
 13376 | Lair:1   | HP: 12/120 [polar bear (11)]
 13383 | Lair:1   | HP: 7/120 [polar bear (3)]
 13392 | Lair:1   | Slain by a polar bear

Levels and vault maps discovered:
D:1:      mrwooster_arrival_statue_3, layout_loops_ring,
          dreamdust_ecumenical_altar_statues
D:2:      layout_loops_ring, serial_shops, nicolae_shop_waterfront,
          minmay_misc_feat_four_crosses
D:3:      cheibrodos_old_hovel, layout_rooms
D:4:      layout_loops_ring, mainiacjoe_overflow_paths, tgw_kikubaaqudgha,
          temple_hall
D:5:      minmay_skewed_foursquare, layout_basic, nrook_mini_vaults,
          dreamdust_mushroom_princess
D:6:      layout_cave_pods, mainiacjoe_overflow_small_starburst,
          nicolae_gozag_cash_rules_everything_around_me, minmay_circle_x
D:7:      layout_cave_pools, nicolae_overflow_crystal_walls
D:8:      layout_basic, grunt_ministairs_15, uniq_grum, uniq_erica
D:9:      layout_basic, elyvilon_altar_5, nicolae_ashenzari_skybound,
          mainiacjoe_overflow_alcove_4, lair_entry_dummy, serial_shops,
          nicolae_shop_temple_entry_statues_fountains, grunt_decor_mini_mirrors
Temple:   nicolae_temple_superstar
Lair:1:   layout_long_grid, cheibrodos_lair_lostbears

Skill      XL: |  1  2  3  4  5  6  7  8  9 10 11 |
---------------+----------------------------------+-----
Axes           | 1 2 3 4 6 8 9 11 13 | 13.0
Fighting       | 1 2 3 4 5 6 8 10 11 | 11.2
Throwing       | 2 6 |  6.2
Armour         | 2 3 |  3.0
Invocations    | 4 7 |  7.3
Dodging        | 2 |  2.0
Short Blades   | |  0.8
Stealth        | |  2.1
Spellcasting   | |  2.4
Hexes          | |  2.6

Action                   |  1- 3 |  4- 6 |  7- 9 | 10-12 || total
-------------------------+-------+-------+-------+-------++-------
Melee: Dagger            |    15 |       |       |       ||    15
       Club              |    92 |       |       |       ||    92
       Whip              |    43 |       |       |       ||    43
       Rapier            |    29 |    56 |       |       ||    85
       Long sword        |       |   112 |   193 |       ||   305
       Punch             |       |     2 |     4 |    11 ||    17
       Kick              |       |       |    43 |   150 ||   193
       Trident           |       |       |    74 |       ||    74
       Scimitar          |       |       |       |    80 ||    80
       Hand axe          |       |       |       |   271 ||   271
Throw: Javelin           |       |    27 |    26 |    12 ||    65
       Large rock        |       |       |     3 |    17 ||    20
       Boomerang         |       |       |       |    19 ||    19
Invok: Heroism           |       |       |    14 |    20 ||    34
  Use: Scroll            |     7 |     9 |     9 |     4 ||    29
       Potion            |     1 |     2 |     2 |       ||     5
 Stab: Distracted        |       |       |       |     1 ||     1
Armor: Robe              |    38 |       |       |       ||    38
       Fire dragon scale |    40 |   172 |   292 |   215 ||   719
Dodge: Dodged            |    83 |    83 |   190 |   122 ||   478

Table legend:
 A = Non-vault XP
 B = Vault XP
 C = Vault XP percentage of total XP
 D = Non-vault monster count
 E = Vault monster count
 F = Vault count percentage of total count
                 A         B        C        D         E       F
            +---------+---------+-------+---------+---------+-------
      Total |   14143 |    3221 |  18.5 |     170 |      22 |  11.5
            +---------+---------+-------+---------+---------+-------
        D:1 |      20 |       0 |   0.0 |      14 |       0 |   0.0
        D:2 |      36 |       0 |   0.0 |      15 |       0 |   0.0
        D:3 |     207 |       2 |   1.0 |      24 |       1 |   4.0
        D:4 |     191 |       0 |   0.0 |      18 |       0 |   0.0
        D:5 |     662 |     241 |  26.7 |      15 |       5 |  25.0
        D:6 |     864 |     485 |  36.0 |      19 |       6 |  24.0
        D:7 |     364 |       0 |   0.0 |       8 |       0 |   0.0
        D:8 |    3553 |    1615 |  31.2 |      24 |       7 |  22.6
        D:9 |    2408 |       0 |   0.0 |      13 |       0 |   0.0
     Lair:1 |    5838 |     878 |  13.1 |      20 |       3 |  13.0
            +---------+---------+-------+---------+---------+-------
